Unix NetHack Version 5.0.0-0 post-release - last build Jul 19 2026 19:10:59 (3aa4ab31751d3886436d94b585a96704892fd477,branch:main).

Game began 2026-07-25 07:51:24, ended 2026-07-25 09:15:10.

LDaviesPeters, neutral female human Archeologist

                                      ----              ----
                                    ---..|            ---..|
                                  ---....---       ----..<.|
                                  .........----  ---......--
                                    --........----........-----
                                    #...........%..........k..|
                                    |........).....)*......--
                                    #-..G.............)...--
                                     |-.h%............d...|
                                     -..@.................-
                                -..........................|
                               -..........--..........|....|
                              -...........--..........|....|
                             |...--........................|
                             |. - ---...|........---..>..---
                             --     |..--........| |....--
                                    --. ..-.....-- ---..|
                                     ..---......-    ----
                                    ---  ...|....
                                         -.---..--
                                         --  ----
LDaviesPeters the Field Worker  St:13 Dx:9 Co:16 In:16 Wi:14 Ch:10  Neutral
Dlvl:3  $:0  HP:0(42) Pw:30(30) AC:8  Xp:5 T:3354 

Latest messages:
 You finish your dressing maneuver.
 You descend the stairs.
 The air crackles around the gnomish wizard.
 The gnomish wizard points all around, then curses.
 The dog misses the gnomish wizard.
 You miss the gnomish wizard.
 The dog misses the gnomish wizard.
 The gnomish wizard points at you, then curses.
 The dog misses the gnomish wizard.
 You lash the gnomish wizard!
 The dog bites the gnomish wizard.
 The gnomish wizard is killed!
 You see here a gnomish wizard corpse.
 You hear crashing rock.
 Your dog eats a gnomish wizard corpse.
 You kill the gnome!
 You lash the gnome lord!
 The gnome wields a bow!
 You lash the gnome lord.
 The gnome lord hits!
 You kill the gnome lord!
 The dwarf wields a pick-axe!
 t - a scroll of identify.
 The gnome shoots an arrow!
 You are hit by an arrow.
 You kill the dwarf!
 The gnome wields a bow!
 The gnome shoots an arrow!
 You are hit by an arrow.
 Your dog eats a gnome corpse.
 You lash the gnome!
 The gnome swings his bow.
 The gnome hits!
 You kill the gnome!
 You kill the gnome!
 Your dog eats a dwarf corpse.
 You lash the dwarf!
 The dwarf swings his pick-axe.
 The dwarf hits!
 You kill the dwarf!
 The dwarf lord swings his broad pick.
 The dwarf lord hits!
 The dwarf lord swings his broad pick.
 The dwarf lord hits again!
 You die...
 Do you want your possessions identified? [ynq] (y) y
 Do you want to see your attributes? [ynq] (y) y
 Do you want an account of creatures vanquished? [ynaq] (y) n
 Do you want to see your conduct and achievements? [ynq] (y) y
 Do you want to see the dungeon overview? [ynq] (y) n

Inventory:
 Weapons  (')')
  r - 9 +0 shuriken
  C - a +0 dagger
  A - a +1 orcish dagger
  q - a +0 orcish dagger
  a - a blessed +2 bullwhip (weapon in right hand)
 Armor    ('[')
  c - an uncursed +0 fedora
  i - an uncursed +0 orcish helm (being worn)
  D - an uncursed +0 dwarvish cloak (being worn)
  h - an uncursed +0 leather jacket (being worn)
 Comestibles  ('%')
  O - an uncursed slime mold
  d - 6 uncursed food rations
  l - an uncursed lembas wafer
  j - 3 uncursed tripe rations
  s - an uncursed homemade tin of red naga hatchling meat
  M - an uncursed tin of deep fried sewer rat meat
 Scrolls  ('?')
  t - an uncursed scroll of identify
 Potions  ('!')
  o - an uncursed potion of enlightenment
 Rings    ('=')
  m - a cursed -1 ring of gain strength
 Wands    ('/')
  n - a wand of digging (0:6)
 Tools    ('(')
  b - an uncursed sack containing 1 item
  p - a +0 pick-axe
  k - an uncursed skeleton key
  f - a tinning kit (0:95)
 Gems/Stones  ('*')
  H - an uncursed obsidian stone
  L - a cursed opal

Contents of the sack:
  330 gold pieces

LDaviesPeters the Archeologist's attributes:

Background:
 You were a Field Worker, a level 5 female human Archeologist.
 You were neutral, on a mission for Camaxtli
 who was opposed by Quetzalcoatl (lawful) and Huhetotl (chaotic).
 You were right-handed.
 You were in the Gnomish Mines, on level 3.
 You entered the dungeon 3354 turns ago.
 You had 221 experience points, 99 more were needed to attain level 6.

Basics:
 You had 0 out of 42 hit points.
 You had all 30 energy points (spell power).
 Your armor class was 8.
 Your wallet was empty, but
 you had 330 zorkmids stashed away in your pack.
 Autopickup was off.

Final Characteristics:
 Your strength was 13 (limit:18/100).
 Your dexterity was 9 (limit:18).
 Your constitution was 16 (limit:18).
 Your intelligence was 16 (limit:18).
 Your wisdom was 14 (limit:18).
 Your charisma was 10 (limit:18).

Final Status:
 You weren't hungry.
 You were unencumbered.
 You were wielding a whip.
 You were skilled in whip.

Final Attributes:
 You were piously aligned.
 Your items were somewhat protected from fire.
 Your items were somewhat protected from cold.
 You had automatic searching.
 You were stealthy.
 You were warded.
 You are dead.

Miscellaneous:
 You didn't encounter any bones levels.
 Total elapsed playing time was 37 minutes and 14 seconds.

Major events:
 Turn
    1: LDaviesPeters the neutral female human Archeologist entered the dungeon
  435: entered the Gnomish Mines
  936: attained the rank of Field Worker (level 3)
 3354: killed by a dwarf lord

Spells:
 Name                 Level Category     Fail Retention
 cause fear             3   enchantment  100%  76%-100%

Skills:
 Fighting Skills
   bare handed combat [Unskilled]
   two weapon combat  [Unskilled]
   riding             [Unskilled]
 Weapon Skills
   dagger             [Unskilled]
   knife              [Unskilled]
   pick-axe           [Basic]
   short sword        [Unskilled]
   saber              [Unskilled]
   club               [Unskilled]
   quarterstaff       [Unskilled]
   sling              [Unskilled]
   dart               [Unskilled]
   boomerang          [Unskilled]
   whip               [Skilled]
   unicorn horn       [Unskilled]
 Spellcasting Skills
   attack spells      [Unskilled]
   healing spells     [Unskilled]
   divination spells  [Unskilled]
   matter spells      [Unskilled]

Voluntary challenges:
 Character rerolling was not enabled.
 You never genocided any monsters.
 You never polymorphed an object.
 You never changed form.
 You used no wishes.
Achievements:
 You entered the Gnomish Mines.
 You attained the rank of Field Worker.
 You entered a shop.

 The Dungeons of Doom: levels 1 to 6
    Level 1:
    Level 2:
       Stairs down to The Gnomish Mines.
    Level 3:
       A fountain.
    Level 4:
       A food shop, a fountain.
    Level 5:
       Many fountains.
    Level 6:
 The Gnomish Mines:
    Level 3: <- You were here.
       Final resting place for
          you, killed by a dwarf lord.


Vanquished creatures:
  3 rock moles
  a gnome leader
  a gnomish wizard
  2 red naga hatchlings
  a giant ant
  2 floating eyes
  2 dwarves
  a wererat
  2 acid blobs
  a coyote
  a hobbit
  3 giant rats
  2 cave spiders
  2 green molds
  3 gnomes
  2 gnome zombies
  3 geckos
  3 jackals
  a fox
  3 kobolds
  3 goblins
  2 sewer rats
  9 grid bugs
  6 lichens
  8 newts
67 creatures vanquished.

No species were genocided or became extinct.

Game over:
                       ----------
                      /          \
                     /    REST    \
                    /      IN      \
                   /     PEACE      \
                  /                  \
                  |  LDaviesPeters   |
                  |      330 Au      |
                  |   killed by a    |
                  |    dwarf lord    |
                  |                  |
                  |                  |
                  |       2026       |
                 *|     *  *  *      | *
        _________)/\\_//(\/(/\)/\//\/|_)_______

Goodbye LDaviesPeters the Archeologist...

You died in The Gnomish Mines on dungeon level 3 with 1441 points,
and 330 pieces of gold, after 3354 moves.
You were level 5 with a maximum of 42 hit points when you died.

